 Dungeon Crawl Stone Soup version 0.18-a0-987-g0b0e4e7 (webtiles) character file.

996 Gnarlagapoticus the Destroyer (level 7, -1/39 HPs)
             Began as a Deep Elf Conjurer on Jan 4, 2016.
             Killed from afar by an orc wizard (11 damage)
             ... with a puff of flame
             ... on level 4 of the Dungeon.
             The game lasted 00:19:49 (4471 turns).

Gnarlagapoticus the Destroyer (Deep Elf Conjurer)   Turns: 4471, Time: 00:19:49

Health: -1/39      AC:  8    Str:  5    XL:     7   Next: 99%
Magic:  1/13       EV: 17    Int: 22    God:
Gold:   148        SH:  0    Dex: 15    Spells: 3 memorised, 5 levels left

rFire  . . .     SeeInvis +     e - +0 dagger (protect)
rCold  . . .     Gourm    .     a - +0 robe
rNeg   . . .     Faith    .     (no shield)
rPois  .         Spirit   .     (helmet restricted)
rElec  .         Dismiss  .     (no cloak)
rCorr  .         Reflect  .     (no gloves)
SustAt .         Harm     .     (no boots)
MR     .....                    (no amulet)
Stlth  ++........               (no ring)
                                g - ring of see invisible

@: not resistant to hostile enchantments, unstealthy
A: antennae 1, rugged brown scales 1
a: no special abilities


You were on level 4 of the Dungeon.
You were not hungry.

You visited 1 branch of the dungeon, and saw 4 of its levels.

You collected 148 gold pieces.

Inventory:

Hand Weapons
 e - a +0 dagger of protection (weapon)
Armour
 a - a +0 robe (worn)
Jewellery
 g - a ring of see invisible (left hand)
Scrolls
 d - a scroll of immolation {unknown}
 h - 2 scrolls of magic mapping
 j - 9 scrolls of identify {unknown}
 n - a scroll of remove curse
Potions
 f - 3 potions of curing
 k - a potion of cancellation {unknown}
 m - a potion of lignification {unknown}
 r - 2 potions of might {unknown}
Books
 b - a book of Conjurations

   Spells                             Type                      Level
   a - Magic Dart                     Conjuration                  1
   b - Searing Ray                    Conjuration                  2
   c - Dazzling Spray                 Conjuration/Hexes            3
   d - Fulminant Prism                Conjuration/Hexes            4
   e - Iskenderun's Mystic Blast      Conjuration                  4
   f - Iskenderun's Battlesphere      Conjuration/Charms           5
Comestibles
 c - 3 bread rations
 i - a chunk of flesh
 l - 2 meat rations


   Skills:
 + Level 1.3 Fighting
 - Level 8.0 Dodging
 - Level 2.4 Stealth
 - Level 3.0 Spellcasting
 - Level 8.2 Conjurations


You had 5 spell levels left.
You knew the following spells:

 Your Spells              Type           Power        Failure   Level  Hunger
a - Magic Dart            Conj           ####         1%          1    None
b - Searing Ray           Conj           #####.       1%          2    ##.....
c - Iskenderun's Mystic   Conj           #####...     6%          4    ####...


Dungeon Overview and Level Annotations

Branches:
Dungeon (4/15)
 Temple: D:4-7

Altars:
Nemelex Xobeh
Okawaru
Pakellas
Qazlal
Ru
Vehumet
Yredelemnul
The Shining One

Annotations:
D:4 Eustachio, Robin


Innate Abilities, Weirdness & Mutations

You have a pair of small antennae on your head.
You are partially covered in rugged brown scales (AC +1, +3% HP).


Message History

The orc wizard is severely wounded.
You hit the orc wizard but do no damage.
The orc wizard is severely wounded.
The orc wizard misses you.
You barely miss the orc wizard.
The orc wizard is heavily wounded.
The orc wizard points at you and mumbles some strange words.
The magic dart hits you! The orc wizard misses you.
You closely miss the orc wizard.
The orc wizard is heavily wounded.
The orc wizard casts a spell at you. The puff of flame hits you!
* * * LOW HITPOINT WARNING * * *
The orc wizard misses you.
Drink which item? (? for menu, Esc to quit)
Okay, then.
The orc wizard barely misses you. The orc wizard casts a spell at you.
The puff of flame hits you!
You die...

#..##.# #..##.############
###...#............# #.#
#...#.#..#########.# #.#
#.#...#..# #.# #.#
#.#.###..# #.# #.# #.#o#
#..# #.# #.# #.#.#
#..#########.# #.#
#.#.###.o.@.)....).# #)####
#.#...o..########.)###.....
#.###############..........
#.####..o...).o.....#....†.
#...[..##########.#.#.#####
######## #.#.#.##
#)#....#### #.#.....o..
#.##...####


You could see an orc wizard and an orc.

Vanquished Creatures
  The ghost of tehphobia the Thaumaturge, an amateur DEFE (D:4)
  A human (D:4)
  A sky beast (D:3)
  2 ogres (D:4)
  A centaur (D:4)
  A centaur skeleton (D:4)
  A hound (D:4)
  4 worker ants (D:4)
  Natasha (D:4)
  6 gnolls
  2 adders
  2 oozes
  An adder skeleton (D:4)
  3 worms
  A giant gecko (D:3)
  11 orcs
  2 ball pythons (D:3)
  3 bats
  A giant cockroach (D:3)
  8 hobgoblins
  9 jackals
  6 kobolds
  3 quokkas
  3 giant newts (D:3)
  9 goblins
  5 rats
88 creatures vanquished.

Notes
Turn   | Place    | Note
--------------------------------------------------------------
     0 | D:1      | Gnarlagapoticus the Deep Elf Conjurer began the quest for the Orb.
     0 | D:1      | Reached XP level 1. HP: 10/10 MP: 6/6
   339 | D:1      | Reached XP level 2. HP: 15/15 MP: 2/8
   404 | D:1      | Reached skill level 5 in Conjurations
   501 | D:1      | You fall through a shaft!
  1395 | D:2      | Found a stormy altar of Qazlal.
  1704 | D:3      | Learned a level 2 spell: Searing Ray
  1859 | D:3      | Reached XP level 3. HP: 16/19 MP: 2/9
  2031 | D:3      | Noticed a sky beast
  2052 | D:3      | Reached skill level 6 in Conjurations
  2230 | D:3      | Reached XP level 4. HP: 24/24 MP: 4/10
  2477 | D:3      | Killed a sky beast
  2477 | D:3      | Reached skill level 7 in Conjurations
  2477 | D:3      | Reached XP level 5. HP: 18/28 MP: 0/11
  2481 | D:3      | Gained mutation: You are partially covered in rugged brown scales (AC +1, +3% HP). [mutagenic meat]
  2482 | D:3      | Gained mutation: You have a pair of small antennae on your head. [mutagenic meat]
  2696 | D:3      | Found an oddly glowing altar of Pakellas.
  2709 | D:3      | Found a sparkling altar of Nemelex Xobeh.
  2814 | D:3      | Found a glowing golden altar of the Shining One.
  3105 | D:4      | Noticed Robin
  3175 | D:4      | Noticed Eustachio
  3180 | D:4      | Noticed an ogre
  3188 | D:4      | Killed an ogre
  3188 | D:4      | Reached skill level 8 in Conjurations
  3188 | D:4      | Reached XP level 6. HP: 32/32 MP: 4/12
  3199 | D:4      | Learned a level 4 spell: Iskenderun's Mystic Blast
  3218 | D:4      | Found a runed door.
  3218 | D:4      | Noticed a human
  3219 | D:4      | Found a basalt altar of Yredelemnul.
  3350 | D:4      | Killed a human
  3509 | D:4      | Reached skill level 5 in Dodging
  3527 | D:4      | Noticed tehphobia's ghost (amateur DEFE)
  3561 | D:4      | Reached XP level 7. HP: 6/37 MP: 4/13
  3601 | D:3      | Found a sacrificial altar of Ru.
  3601 | D:3      | Found a radiant altar of Vehumet.
  3891 | D:4      | Killed tehphobia's ghost
  4052 | D:4      | Found an iron altar of Okawaru.
  4113 | D:4      | Noticed Natasha
  4114 | D:4      | Killed Natasha
  4369 | D:4      | Reached skill level 1 in Fighting
  4471 | D:4      | Killed from afar by an orc wizard

Vault maps used:
D:1:      saegor_arrival_miasma, minmay_liquid_box
D:2:      nicolae_qazlal_eye_of_the_storm
D:3:      nicolae_overflow_hidden_temple, kennysheep_flooded_box,
          minmay_misc_feat_enclosed, minmay_misc_feat_alley
D:4:      okawaru_altar_gauntlet_db, first_bread, dk_yredelemnul_ordeal,
          uniq_natasha, uniq_eustachio, uniq_robin

Action                   |  1- 3 |  4- 6 |  7- 9 || total
-------------------------+-------+-------+-------++-------
Melee: Dagger            |    25 |    14 |    19 ||    58
 Cast: Magic Dart        |    75 |    81 |    46 ||   202
       Searing Ray       |     3 |     5 |     2 ||    10
       Iskenderun's Myst |       |       |     8 ||     8
  Use: Potion            |     5 |     1 |       ||     6
       Scroll            |     5 |       |       ||     5
 Stab: Sleeping          |     1 |       |       ||     1
  Eat: Chunk             |     3 |     6 |     4 ||    13
       Beef jerky        |     1 |       |       ||     1
